 Dungeon Crawl Stone Soup version 0.23-a0-641-g0a7f1ce553 (webtiles) character file.

12586 HereIgoKillingAgain the Cleaver (level 11, -12/88 HPs)
             Began as a Deep Dwarf Fighter on Dec 30, 2018.
             Was a High Priest of Makhleb.
             Mangled by a shadow (31 damage)
             ... on level 12 of the Dungeon.
             The game lasted 00:10:24 (8641 turns).

HereIgoKillingAgain the Cleaver (DDFi)              Turns: 8641, Time: 00:10:24

Health: -12/88     AC:  6    Str: 22    XL:     11   Next: 64%
Magic:  17/17      EV: 11    Int: 10    God:    Makhleb [*****.]
Gold:   661        SH:  5    Dex: 16    Spells: 10/10 levels left

rFire    . . .     SeeInvis .   n - +3 war axe (vamp)
rCold    + . .     Gourm    .   e - +0 buckler (curse)
rNeg     + . .     Faith    .   t - +4 robe "Gymunij" {rPois Dex+4}
rPois    +         Spirit   .   (no helmet)
rElec    .         Reflect  .   (no cloak)
rCorr    .         Harm     .   (no gloves)
MR       +....                  (no boots)
Stlth    +.........             (no amulet)
HPRegen  0.00/turn              j - ring of positive energy
MPRegen  0.15/turn              s - ring of protection from cold

@: non-regenerating
A: damage resistance, heal wounds, sense surroundings 2, no regeneration
a: Heal Wounds, Minor Destruction, Lesser Servant of Makhleb, Major Destruction,
Greater Servant of Makhleb, Renounce Religion


You were on level 12 of the Dungeon.
You worshipped Makhleb.
Makhleb was extremely pleased with you.
You were not hungry.

You visited 1 branch of the dungeon, and saw 12 of its levels.

You collected 661 gold pieces.

Inventory:

Hand Weapons
 n - a +3 vampiric war axe (weapon)
Armour
 e - a cursed +0 buckler (worn)
 l - a +1 plate armour
 t - the +4 robe "Gymunij" (worn) {rPois Dex+4}
   (You found it on level 7 of the Dungeon)

   It affects your dexterity (+4).
   It protects you from poison.
Jewellery
 j - a ring of positive energy (left hand)
 s - a ring of protection from cold (right hand)
Wands
 m - a wand of disintegration (1)
 r - a wand of acid (7)
 y - a wand of digging (5)
 C - a wand of flame (15)
Scrolls
 a - 2 scrolls of immolation {unknown}
 d - 12 scrolls of teleportation
 h - 5 scrolls of identify
 u - a scroll of amnesia
 v - 5 scrolls of enchant weapon
 w - 2 scrolls of fog {unknown}
 x - 2 scrolls of remove curse
 z - a scroll of acquirement {unknown}
 B - 2 scrolls of blinking {unknown}
 E - 2 scrolls of fear {unknown}
 F - 3 scrolls of enchant armour
 G - 3 scrolls of noise {unknown}
 J - a scroll of magic mapping {unknown}
Potions
 b - 3 potions of haste
 c - a potion of brilliance {unknown}
 g - a potion of invisibility {unknown}
 i - a potion of flight
 k - a potion of cancellation
 o - 3 potions of curing {unknown}
 p - 2 potions of heal wounds {unknown}
 q - a potion of might
 A - a potion of mutation {unknown}
 D - 2 potions of degeneration {unknown}
 H - a potion of agility {unknown}
 I - 2 potions of magic {unknown}
 L - a potion of lignification {unknown}
Comestibles
 f - 22 rations


   Skills:
 - Level 2.6 Fighting
 * Level 14.9 Axes
 - Level 3.2 Armour
 - Level 4.3 Shields
 + Level 10.9 Invocations
 + Level 10.9 Evocations


You had 10 spell levels left.
You didn't know any spells.
Your spell library contained the following spells:

 Spells                   Type           Power        Failure   Level  Hunger
 Confusing Touch          Hex            #.....       36%         1    ##.....
 Corona                   Hex            #......      36%         1    ##.....
 Freeze                   Ice            #...         36%         1    ##.....
 Summon Small Mammal      Summ           #...         36%         1    ##.....
 Ensorcelled Hibernation  Hex/Ice        #.....       50%         2    ###....
 Throw Frost              Conj/Ice       #.....       50%         2    ###....
 Confuse                  Hex            #.......     75%         3    ####...
 Dazzling Spray           Conj/Hex       #.....       75%         3    ####...
 Gell's Gravitas          Tloc           #.........   75%         3    ####...
 Ozocubu's Armour         Chrm/Ice       #.......     75%         3    ####...
 Tukima's Dance           Hex            #.......     75%         3    ####...
 Petrify                  Tmut/Erth      #.......     98%         4    #####..
 Summon Ice Beast         Ice/Summ       #.......     98%         4    #####..
 Throw Icicle             Conj/Ice       #.......     98%         4    #####..
 Aura of Abjuration       Summ           #.........   100%        5    ######.
 Metabolic Englaciation   Hex/Ice        #.........   100%        5    ######.
 Yara's Violent Unravell  Hex/Tmut       #.........   100%        5    ######.
 Malign Gateway           Summ/Tloc      #.........   100%        7    #######
 Ring of Flames           Chrm/Fire      #.........   100%        7    #######


Dungeon Overview and Level Annotations

Branches:
Dungeon (12/15)            Temple (0/1) D:5            Lair (0/6) D:10
    Orc (0/2) D:10

Altars:
Elyvilon
Hepliaklqana
Kikubaaqudgha
Makhleb
Nemelex Xobeh
Sif Muna
Vehumet
Xom
Yredelemnul
The Shining One


Innate Abilities, Weirdness & Mutations

You are resistant to damage.
You can heal yourself by infusing magical energy.
You passively map the area around you.
You do not regenerate.


Message History

You kill the kobold demonologist!
Makhleb accepts your kill.
You feel better.
The soul eater disappears in a puff of smoke!
Your life force feels restored.
The shadow strikes at you from the darkness!
* * * LOW HITPOINT WARNING * * *
Reactivating autopickup.
Things that are here:
a +0 dagger; a +0 robe; a kobold corpse Unknown command.
Unknown command.
You slash the shadow!
The shadow is heavily damaged.
The shadow slips into darkness.
The shadow flickers and vanishes!
Deactivating autopickup; reactivate with Ctrl-A.
You closely miss something.
The shadow strikes at you from the darkness!
You die...

#.##.##.# , * * ,
#.##†##.# #... , *
#.##.##.# #.. ,
#.##.##.# #.. ,
#.##.##.# #.. , , *
#.......# #.# , *
####.#### #.# #.#
#{###.# , #.#
#@....# * #.#
#)###.#* ,* #.#####
#)# .., *
######.....###.#.#.#
*
#.......##.........#
#.#####.########.###
* < #.# *.# * ,,,,,
#.# * ** . * * *,
#.# * .# *


There were no monsters in sight!

Vanquished Creatures
  2 two-headed ogres
  An unseen horror (D:11)
  An ugly thing (D:11)
  2 centaur zombies
  2 kobold demonologists
  2 komodo dragons
  A troll (D:9)
  Grinder (D:3)
  2 hippogriffs (D:10)
  Sigmund (D:2)
  A wraith (D:10)
  9 yaks (D:11)
  A water moccasin (D:6)
  5 orc warriors
  2 ice beasts (D:9)
  4 black bears
  2 phantoms (D:10)
  2 sky beasts
  4 ogres
  4 centaurs
  5 big kobolds
  A wyvern zombie (D:11)
  6 bullfrogs
  A wyvern skeleton (D:11)
  6 scorpions
  7 killer bees
  12 wights
  6 howler monkeys
  A crimson imp (D:7)
  A bullfrog zombie (D:9)
  4 jellies
  10 orc priests
  3 centaur skeletons
  3 bullfrog skeletons
  8 hounds
  3 iguanas
  7 orc wizards
  9 worker ants
  A killer bee zombie (D:10)
  2 human simulacra (D:10)
  Robin (D:3)
  4 gnolls
  A howler monkey zombie (D:8)
  A worker ant zombie (D:10)
  9 adders
  3 shadow imps
  2 oozes
  3 adder skeletons
  A worm (D:2)
  2 dart slugs (D:3)
  8 leopard geckos
  49 orcs
  2 ball pythons
  3 giant cockroaches
  12 goblins
  8 hobgoblins
  15 jackals
  16 kobolds
  4 quokkas
  7 bats
  4 frilled lizards
  A giant cockroach zombie (D:6)
  A jackal skeleton (D:5)
  2 jackal zombies
  8 rats
312 creatures vanquished.

Vanquished Creatures (others)
  2 plants (D:10)
2 creatures vanquished.

Grand Total: 314 creatures vanquished

Notes
Turn   | Place    | Note
-------+----------+-------------------------------------------
     0 | D:1      | HereIgoKillingAgain the Deep Dwarf Fighter began the quest
                  | for the Orb.
     0 | D:1      | Reached XP level 1. HP: 20/20 MP: 1/1
   153 | D:1      | Reached skill level 3 in Axes
   153 | D:1      | Reached XP level 2. HP: 27/27 MP: 2/2
   400 | D:2      | Reached XP level 3. HP: 24/33 MP: 3/3
   407 | D:2      | Reached skill level 4 in Axes
   444 | D:2      | Noticed Sigmund
   453 | D:2      | Killed Sigmund
   453 | D:2      | Reached skill level 6 in Axes
   453 | D:2      | Reached XP level 4. HP: 29/40 MP: 4/4
   453 | D:2      | Reached XP level 5. HP: 34/46 MP: 5/5
   562 | D:2      | Found an ancient bone altar of Kikubaaqudgha.
   988 | D:3      | Found a burning altar of Makhleb.
  1046 | D:3      | Became a worshipper of Makhleb the Destroyer
  1061 | D:3      | Reached skill level 7 in Axes
  1061 | D:3      | Reached XP level 6. HP: 40/55 MP: 6/6
  1066 | D:3      | Noticed Grinder
  1068 | D:3      | Paralysed by Grinder for 5 turns
  1076 | D:3      | Paralysed by Grinder for 6 turns
  1094 | D:3      | Killed Grinder
  1094 | D:3      | Reached skill level 8 in Axes
  1113 | D:3      | Noticed Robin
  1126 | D:3      | Killed Robin
  1285 | D:3      | Found a sparkling altar of Nemelex Xobeh.
  1353 | D:3      | Reached XP level 7. HP: 39/61 MP: 6/6
  1446 | D:3      | Reached * piety under Makhleb
  2339 | D:4      | Reached skill level 1 in Invocations
  2339 | D:4      | Reached skill level 1 in Evocations
  2353 | D:4      | Reached skill level 9 in Axes
  3066 | D:5      | Entered Level 5 of the Dungeon
  3122 | D:5      | Reached XP level 8. HP: 68/68 MP: 9/9
  3393 | D:5      | Reached ** piety under Makhleb
  3455 | D:5      | Found a staircase to the Ecumenical Temple.
  3942 | D:6      | Reached skill level 10 in Axes
  4233 | D:6      | Found a basalt altar of Yredelemnul.
  4238 | D:6      | Found a glowing golden altar of the Shining One.
  4240 | D:6      | Noticed an angel
  4490 | D:6      | Reached skill level 5 in Invocations
  4640 | D:6      | Reached skill level 5 in Evocations
  4827 | D:7      | Gained mutation: You passively map the area around you.
                  | [Deep Dwarf growth]
  4827 | D:7      | Reached XP level 9. HP: 74/74 MP: 10/12
  4846 | D:7      | Reached skill level 11 in Axes
  4899 | D:7      | Reached *** piety under Makhleb
  4931 | D:7      | Got a shimmering robe
  4932 | D:7      | Identified the +4 robe "Gymunij" {rPois Dex+4} (You found
                  | it on level 7 of the Dungeon)
  4958 | D:7      | Found a white marble altar of Elyvilon.
  5578 | D:8      | Reached skill level 12 in Axes
  5650 | D:8      | Found a radiant altar of Vehumet.
  5650 | D:8      | Found a deep blue altar of Sif Muna.
  5652 | D:8      | Found a hazy altar of Hepliaklqana.
  5716 | D:8      | Reached **** piety under Makhleb
  5822 | D:8      | Found a shimmering altar of Xom.
  5822 | D:8      | Found a shimmering altar of Xom.
  5823 | D:8      | Found a shimmering altar of Xom.
  5825 | D:8      | Found a shimmering altar of Xom.
  5826 | D:8      | Found a shimmering altar of Xom.
  5827 | D:8      | Found a shimmering altar of Xom.
  5893 | D:8      | Noticed a two-headed ogre
  5903 | D:8      | Killed a two-headed ogre
  5903 | D:8      | Reached XP level 10. HP: 39/81 MP: 13/15
  5935 | D:8      | Found a sand-covered staircase.
  6355 | D:9      | Identified the Grimoire of Illusion and Protection
  6596 | D:9      | Reached skill level 13 in Axes
  6751 | D:9      | Reached ***** piety under Makhleb
  7024 | D:10     | Entered Level 10 of the Dungeon
  7564 | D:10     | Found a staircase to the Lair.
  7690 | D:10     | Found a staircase to the Orcish Mines.
  8082 | D:11     | Reached XP level 11. HP: 87/88 MP: 16/16
  8120 | D:11     | Reached skill level 14 in Axes
  8157 | D:11     | Reached skill level 10 in Invocations
  8188 | D:11     | Killed an unseen horror
  8188 | D:11     | Reached skill level 10 in Evocations
  8261 | D:11     | Noticed a red ugly thing
  8269 | D:11     | Killed a red ugly thing
  8489 | D:11     | Noticed a two-headed ogre
  8497 | D:11     | Killed a two-headed ogre
  8631 | D:12     | Noticed a soul eater
  8641 | D:12     | Mangled by a shadow

Vault maps used:
D:1:      evilmike_arrival_hilbert_curve
D:2:      kiku_gazebo_garden_becter, nicolae_overflow_hidden_temple,
          uniq_sigmund
D:3:      old_standard_altar, lemuel_doored_altar, first_ration,
          chequers_serial_rivers_micro_c, uniq_grinder, uniq_robin
D:4:      minmay_door_path
D:5:      minmay_evil_eye, minmay_temple_entry_proselytizer, wad_rectangle_vault
D:6:      grunt_temple_overflow_holy_war
D:7:      minmay_slanted_spiral_squares, elyvilon_altar_5
D:8:      xom_redecorated, gammafunk_temple_overflow_forgotten, enter_ossuary_1,
          blue_anna_alchemist, minmay_misc_feat_cross
D:10:     david_lair_shrubbed, orc_0_dummy, bh_circular_ruins
D:12:     bloody_makhleb, uniq_azrael

Skill      XL: |  1  2  3  4  5  6  7  8  9 10 11 |
---------------+----------------------------------+-----
Axes           | 3 6 7 8 9 10 12 13 14 | 14.9
Invocations    | 2 5 8 9 10 | 10.9
Evocations     | 2 5 7 9 10 | 10.9
Shields        | 4 |  4.3
Fighting       | |  2.6
Armour         | |  3.2

Action                   |  1- 3 |  4- 6 |  7- 9 | 10-12 || total
-------------------------+-------+-------+-------+-------++-------
Melee: War axe           |    61 |    88 |   457 |   383 ||   989
       Trident           |       |    23 |       |       ||    23
 Abil: Heal Wounds       |       |     2 |       |     6 ||     8
Evoke: Wand              |       |       |     3 |     9 ||    12
  Use: Potion            |     1 |     1 |       |       ||     2
       Scroll            |       |       |     8 |       ||     8
 Stab: Sleeping          |       |       |       |     2 ||     2
  Eat: Chunk             |       |     1 |    11 |     8 ||    20
       Ration            |       |       |     3 |     1 ||     4
Armor: Scale mail        |    51 |    47 |    11 |       ||   109
       Plate armour      |       |       |   177 |       ||   177
       Robe              |       |       |    26 |    76 ||   102
Dodge: Dodged            |    57 |    51 |   167 |   151 ||   426
Block: Buckler           |       |       |    84 |    79 ||   163

Table legend:
 A = Non-vault XP
 B = Vault XP
 C = Vault XP percentage of total XP
 D = Non-vault monster count
 E = Vault monster count
 F = Vault count percentage of total count
                 A         B        C        D         E       F
            +---------+---------+-------+---------+---------+-------
      Total |   16197 |    1784 |   9.9 |     279 |      33 |  10.6
            +---------+---------+-------+---------+---------+-------
        D:1 |      27 |       0 |   0.0 |      15 |       0 |   0.0
        D:2 |      80 |     242 |  75.2 |      24 |       1 |   4.0
        D:3 |     217 |     294 |  57.5 |      22 |       9 |  29.0
        D:4 |     320 |      92 |  22.3 |      15 |       4 |  21.1
        D:5 |     233 |     229 |  49.6 |      19 |       6 |  24.0
        D:6 |     992 |       0 |   0.0 |      23 |       0 |   0.0
        D:7 |    1293 |     434 |  25.1 |      36 |       9 |  20.0
        D:8 |    2171 |     100 |   4.4 |      34 |       1 |   2.9
        D:9 |    1901 |       0 |   0.0 |      30 |       0 |   0.0
       D:10 |    1730 |     393 |  18.5 |      19 |       3 |  13.6
       D:11 |    6054 |       0 |   0.0 |      35 |       0 |   0.0
       D:12 |    1179 |       0 |   0.0 |       7 |       0 |   0.0
            +---------+---------+-------+---------+---------+-------
